 Dungeon Crawl Stone Soup version 0.29.0-4-gdea44cf6ec (webtiles) character file.

Game seed: 8117540775522757112

10 voltaire321 the Sneak (level 2, 0/24 HPs)
             Began as a Merfolk Delver on Aug 27, 2022.
             Hit by a stone thrown by an orc (2 damage)
             ... on level 3 of the Dungeon.
             The game lasted 00:01:16 (156 turns).

voltaire321 the Sneak (Merfolk Delver)               Turns: 156, Time: 00:01:17

Health: 0/24       AC:  3    Str: 12    XL:     2   Next: 20%
Magic:  2/2        EV: 12    Int:  9    God:
Gold:   4          SH:  0    Dex: 15    Spells: 1/1 levels left

rFire   . . .      SeeInvis .   a - +0 falchion
rCold   . . .      Faith    .   (no shield)
rNeg    . . .      Spirit   .   b - +0 leather armour
rPois   .          Reflect  .   (no helmet)
rElec   .          Harm     .   (no cloak)
rCorr   .          Rampage  .   (no gloves)
Will    .....                   (no boots)
Stlth   +++.......              (no amulet)
HPRegen 0.08/turn               (no ring)
MPRegen 0.08/turn               (no ring)

@: no status effects
A: (nimble swimmer 2), mertail
a: no special abilities


You were on level 3 of the Dungeon.
You visited 1 branch of the dungeon, and saw 3 of its levels.

You collected 4 gold pieces.

Inventory:

Hand Weapons
 a - a +0 falchion (weapon)
Armour
 b - a +0 leather armour (worn)
Wands
 g - a wand of digging (3)
 h - a wand of light (9)
Scrolls
 c - a scroll of fog
 d - a scroll of magic mapping
 e - a scroll of fear
Potions
 f - 2 potions of haste


   Skills:
 + Level 3.4 Fighting
 + Level 2.7 Long Blades
 + Level 3.0 Dodging
 + Level 5.6 Stealth


You had one spell level left.
You didn't know any spells.
Your spell library was empty.

Dungeon Overview and Level Annotations

Branches:
Dungeon (5/15)
 Temple: D:4-7

Altars:
Okawaru
Trog


Innate Abilities, Weirdness & Mutations

((You are very nimble when in or above water. (Stealth+, EV+, Speed+++)))
Your lower body shifts to a powerful aquatic tail in water.


Message History

You hit the worm.
The worm is moderately wounded.
The worm bites you.
You hit the worm.
The worm is heavily wounded.
The worm bites you.
You hit the worm.
The worm is heavily wounded.
You slash the worm!
The worm is almost dead.
The worm bites you!
* * * LOW HITPOINT WARNING * * *
You hit the worm but do no damage.
The worm is almost dead.
You hit the worm.
You kill the worm!
Your Dodging skill increases to level 3!
You see here a worm corpse.
You start resting.
You hear the slow rusting of a distant drain.
You open the door.
A hobgoblin, a goblin and 3 orcs come into view.
The orc shouts!
The hobgoblin shouts!
The orc shouts!
Found 10 gold pieces.
A goblin comes into view.
Found an iron altar of Okawaru.
The goblin shouts!
There is an open door here.
The goblin shouts!
The orc shouts!
You hit the orc.
The orc is heavily wounded.
The orc hits you.
* * * LOW HITPOINT WARNING * * *
You barely miss the orc.
The orc is heavily wounded.
The orc closely misses you.
You hit the orc but do no damage.
The orc is heavily wounded.
The orc throws a stone.
The stone hits you.
You die...

#.......######
##.###### #.#
#.# #.# #.#
###†# ##...#
#o@#..#
##'###.#
#ogg.##.#
#.og~## .#
##~.~. #
$≈.~## ##~.≈.
.~.≈# ##_##


You could see 3 orcs, a hobgoblin and 2 goblins.

Vanquished Creatures
  A worm (D:3)
  2 ball pythons (D:3)
  A hobgoblin (D:3)
  2 kobolds (D:3)
  A quokka (D:3)
7 creatures vanquished.

Notes
Turn   | Place    | Note
-------+----------+-------------------------------------------
     0 | D:5      | voltaire321 the Merfolk Delver began the quest for the Orb.
     0 | D:5      | Reached XP level 1. HP: 18/18 MP: 1/1
    15 | D:5      | Noticed a scorpion
    27 | D:4      | Noticed a howler monkey
    27 | D:4      | Found a bloodstained altar of Trog.
   129 | D:3      | Reached XP level 2. HP: 19/24 MP: 2/2
   152 | D:3      | Found an iron altar of Okawaru.
   156 | D:3      | Hit by a stone thrown by an orc

Illustrated notes

Levels and vault maps discovered:
D:3:      layout_loops_ring, okawaru_altar_gauntlet_db, portal_sewer_entry_b
D:4:      layout_loops_ring, grunt_temple_overflow_growth_and_decay,
          mainiacjoe_overflow_small_starburst, hangedman_ru_absence,
          elyvilon_altar_4, zin_angel, serial_shops, shop_statue,
          grunt_decor_mini_mirrors
D:5:      layout_basic, nicolae_qazlal_eye_of_the_storm, uniq_ijyb

Skill      XL: |  1  2 |
---------------+-------+-----
Dodging        | 3 |  3.0
Fighting       | |  3.4
Long Blades    | |  2.7
Stealth        | |  5.6

Action                   || total
-------------------------++-------
Melee: Falchion          ||    27
Armor: Leather armour    ||     3
Dodge: Dodged            ||    16
